 Dungeon Crawl Stone Soup version 0.21-a0-529-g8c7b3f5 (webtiles) character file.

896 Amnesiac the Chucker (level 8, -8/83 HPs)
             Began as an Ogre Arcane Marksman on Dec 11, 2017.
             Mangled by an ogre
             ... wielding a +0 giant club
              (9 damage)
             ... while paralysed
             ... on level 4 of the Dungeon.
             The game lasted 00:12:58 (6024 turns).

Amnesiac the Chucker (Ogre Arcane Marksman)         Turns: 6024, Time: 00:12:59

Health: -8/83      AC:  3    Str: 15    XL:     8   Next: 7%
Magic:  12/12      EV:  1    Int: 15    God:
Gold:   180        SH:  0    Dex: 10    Spells: 7/13 levels left

rFire    . . .     SeeInvis +   b - +1 dagger (venom)
rCold    . . .     Gourm    .   (no shield)
rNeg     . . .     Faith    .   k - +0 robe
rPois    .         Spirit   .   (helmet restricted)
rElec    .         Reflect  .   (no cloak)
rCorr    .         Harm     .   (gloves unavailable)
MR       .....                  (boots unavailable)
Stlth    +.........             (no amulet)
HPRegen  0.23/turn              m - ring of see invisible
MPRegen  0.13/turn              (no ring)

@: paralysed, fainting
A: large, unfitting armour, tough skin 1
a: no special abilities


You were on level 4 of the Dungeon.
You were fainting.

You visited 1 branch of the dungeon, and saw 5 of its levels.

You collected 180 gold pieces.

Inventory:

Hand Weapons
 a - a +0 hunting sling
 b - a +1 dagger of venom (weapon)
 y - a +0 mace
Missiles
 c - 4 large rocks (quivered)
 d - 2 throwing nets
 e - 23 poisoned needles
 h - 166 stones
 j - 4 needles of confusion
 l - 20 sling bullets
Armour
 k - a +0 robe (worn)
 w - a +0 large shield
Jewellery
 m - a ring of see invisible (left hand)
Wands
 p - a wand of digging (12)
Scrolls
 g - 10 scrolls of identify {!r, unknown}
 o - 5 scrolls of remove curse {!r, unknown}
 q - 4 scrolls of teleportation {!r, unknown}
 r - 2 scrolls of amnesia {!r, unknown}
 s - a scroll of fog {!r, unknown}
 u - 3 scrolls of enchant weapon {!r, unknown}
 v - 2 scrolls of random uselessness {!r, unknown}
 E - a scroll of magic mapping {!r, unknown}
Potions
 i - 3 potions of curing {!q}
 t - a potion of lignification {!q, unknown}
 z - 3 potions of flight {!q, unknown}
 D - 2 potions of magic {!q, unknown}
Books
 A - a book of Debilitation

   Spells                             Type                      Level
   a - Corona                         Hexes                        1
   b - Slow                           Hexes                        2
   c - Inner Flame                    Hexes/Fire                   3
   d - Portal Projectile              Hexes/Translocation          3
   e - Cause Fear                     Hexes                        4
   f - Leda's Liquefaction            Hexes/Earth                  4
Comestibles
 f - 3 bread rations
 n - a royal jelly
 x - a meat ration


   Skills:
 + Level 5.8 Fighting
 * Level 6.6 Throwing
 - Level 1.7 Dodging
 - Level 3.0 Spellcasting
 - Level 4.0 Hexes


You had 7 spell levels left.
You knew the following spells:

 Your Spells              Type           Power        Failure   Level  Hunger
a - Corona                Hex            ##.....      3%          1    #......
b - Portal Projectile     Hex/Tloc       #.....       26%         3    ###....
e - Slow                  Hex            ##......     5%          2    ##.....


Dungeon Overview and Level Annotations

Branches:
Dungeon (5/15)
 Temple: D:4-7

Altars:
Makhleb
Vehumet

Shops:
D:5 %


Innate Abilities, Weirdness & Mutations

You are too large for most types of armour.
You have tough skin. (AC +1)


Message History

You hit the scorpion but do no damage.
The scorpion is poisoned.
You feel sick. The scorpion barely misses you.
You feel sick.
You feel sick.
You kill the scorpion!
Training target 4.0 for Hexes reached!
Your Hexes skill increases to level 4!
You have reached level 8!
The worker ant waves its antennae.
You feel sick.
You closely miss the worker ant.
The worker ant waves its antennae.
The worker ant completely misses you.
You hit the worker ant but do no damage.
The worker ant is poisoned.
You feel sick. The worker ant bites you.
You are more poisoned.
The worker ant poisons you!
You feel sick.
You feel sick. The worker ant closely misses you.
You feel sick.
You feel sick.
You feel sick.
You kill the worker ant!
You feel sick.
You feel sick.
You feel sick.
You feel sick.
You feel sick.
You see here an arrow.
You feel sick.
Things that are here:
an uncursed shortbow; 15 arrows You feel sick.
You feel sick.
You feel sick.
You feel sick.
You are no longer poisoned.
The ogre barely misses you.
There is a stone staircase leading up here.
The ogre hits you with a giant club.
* * * LOW HITPOINT WARNING * * *
You climb upwards.
There is a stone staircase leading down here.
You hit the ogre but do no damage. The ogre hits you with a giant club.
* * * LOW HITPOINT WARNING * * *
You barely miss the ogre. You hit the ogre but do no damage.
The ogre is poisoned.
The ogre hits you with a giant club!!
* * * LOW HITPOINT WARNING * * *
There is an open door here.
The ogre looks more healthy.
Okay, then.
Okay, then.
The ogre completely misses you.
There is an open door here.
There is an open door, spattered with blood here.
You are fainting from starvation!
You see here 16 arrows.
You lose consciousness!
The ogre hits you with a giant club!!
* * * LOW HITPOINT WARNING * * *
The ogre hits you but does no damage. The ogre hits you with a giant club!
You die...

####### #.....# #.###.#
##### #.# #.#### #....
#.###....# #### ##....
#.#......####..## #.§._)
#.#.#..O@...>.#.####..§§§
#.#.#.#####........)#..§.
#......## ##...#####.#...
###...#.# ##.## ##.###
####.## #.# #.# #.# #.#
#.### #######.# ##'##
#.... #....(..# ##...##
#..## #.#####.####.....##
#....


You could see an ogre.

Vanquished Creatures
  2 ogres (D:4)
  A centaur (D:5)
  2 scorpions
  A howler monkey (D:4)
  3 hounds
  A bullfrog skeleton (D:4)
  An orc wizard (D:3)
  A centaur skeleton (D:4)
  An iguana (D:4)
  7 worker ants
  A worker ant zombie (D:5)
  4 gnolls (D:4)
  An adder (D:3)
  A shadow imp (D:5)
  An ooze (D:2)
  3 worms
  A leopard gecko (D:1)
  9 orcs
  2 ball pythons
  5 giant cockroaches
  8 goblins
  A hobgoblin (D:2)
  3 quokkas
  7 bats
  3 frilled lizards
  A jackal skeleton (D:4)
  7 kobolds
  A leopard gecko skeleton (D:3)
  10 rats
89 creatures vanquished.

Vanquished Creatures (others)
  A gnoll shaman (D:4)
  A gnoll (D:4)
2 creatures vanquished.

Grand Total: 91 creatures vanquished

Notes
Turn   | Place    | Note
-------+----------+-------------------------------------------
     0 | D:1      | Amnesiac the Ogre Arcane Marksman began the quest for the Orb.
     0 | D:1      | Reached XP level 1. HP: 19/19 MP: 2/2
   450 | D:1      | Reached XP level 2. HP: 26/28 MP: 0/4
   895 | D:2      | Learned a level 2 spell: Slow
   977 | D:2      | Reached XP level 3. HP: 29/35 MP: 5/5
  1244 | D:2      | Found a burning altar of Makhleb.
  1472 | D:2      | Reached skill level 3 in Throwing
  1892 | D:3      | Reached XP level 4. HP: 40/44 MP: 3/7
  2250 | D:3      | Reached XP level 5. HP: 50/53 MP: 6/8
  2507 | D:3      | Reached skill level 4 in Throwing
  2616 | D:4      | Noticed an ogre
  2627 | D:4      | Killed an ogre
  2811 | D:4      | Reached XP level 6. HP: 61/62 MP: 7/9
  2906 | D:4      | Reached skill level 5 in Throwing
  3788 | D:4      | Learned a level 3 spell: Portal Projectile
  4048 | D:4      | Reached XP level 7. HP: 10/71 MP: 3/10
  4655 | D:4      | Reached skill level 5 in Fighting
  4752 | D:4      | Found a radiant altar of Vehumet.
  5145 | D:5      | Entered Level 5 of the Dungeon
  5164 | D:5      | Found Qaydeymp's Food Shoppe.
  5184 | D:5      | Reached skill level 6 in Throwing
  5201 | D:5      | HP: 3/72 [worker ant (4)]
  5899 | D:5      | Reached XP level 8. HP: 49/83 MP: 12/12
  6019 | D:4      | Paralysed by fainting for 8 turns
  6021 | D:4      | HP: 1/83 [ogre/giant club (23)]
  6024 | D:4      | Mangled by an ogre

Vault maps used:
D:1:      sevenhm_arrival_forest_fort_small_4, kennysheep_flooded_box
D:2:      old_standard_altar
D:4:      fiery_altar_vehumet, first_bread
D:5:      serial_shops, nicolae_shop_window_shopping

Skill      XL: |  1  2  3  4  5  6  7 |
---------------+----------------------+-----
Fighting       | 2 3 4 5 |  5.8
Throwing       | 3 4 5 6 |  6.6
Spellcasting   | 2 3 |  3.0
Hexes          | 3 4 |  4.0
Dodging        | |  1.7

Action                   |  1- 3 |  4- 6 |  7- 9 || total
-------------------------+-------+-------+-------++-------
Melee: Unarmed           |    30 |       |       ||    30
       Dagger            |       |    28 |    38 ||    66
 Fire: Hunting sling     |    67 |   108 |    16 ||   191
Throw: Stone             |     3 |     9 |       ||    12
       Large rock        |     3 |     4 |     1 ||     8
       Tomahawk          |       |       |    24 ||    24
 Cast: Corona            |    27 |    43 |     3 ||    73
       Slow              |       |    20 |    14 ||    34
  Use: Potion            |       |       |     1 ||     1
  Eat: Chunk             |     3 |     9 |     5 ||    17
Armor: Robe              |    16 |    15 |    16 ||    47
Dodge: Dodged            |    25 |    47 |    44 ||   116

Table legend:
 A = Spawn XP
 B = Non-spawn XP
 C = Spawn XP percentage of total XP
 D = Spawn monster count
 E = Non-spawn monster count
 F = Spawn count percentage of total count
 G = Total turns spent on level
                    A         B        C        D         E        F      G
               +---------+---------+-------+---------+---------+-------+---------
         Total |       0 |    1280 |   0.0 |       0 |      89 |   0.0 |  6024
               +---------+---------+-------+---------+---------+-------+---------
           D:1 |       0 |      19 |   0.0 |       0 |      13 |   0.0 |   891
           D:2 |       0 |      36 |   0.0 |       0 |      16 |   0.0 |   861
           D:3 |       0 |     125 |   0.0 |       0 |      25 |   0.0 |  1111
           D:4 |       0 |     697 |   0.0 |       0 |      25 |   0.0 |  2597
           D:5 |       0 |     403 |   0.0 |       0 |      10 |   0.0 |   564
               +---------+---------+-------+---------+---------+-------+---------
